cohdb
Replays
Latest Replays
All Replays
Popular Replays
Top Player Replays
Match Explorer
How It Works
Community
CoH3 Stats
Reddit
Sign in to upload your games and track your stats! →
Sign in with Steam
Match 41035501
Unlisted
Match 41035501
Overview
Messages
Build Orders
End
Kradschützen Motorcycle Team
Panzergrenadier Squad
Selects Italian Infantry
250 Light Carrier
Panzergrenadier Squad
Construct Light Support Kompanie
Selects Defensive Operations
2.5-tonne Medical Truck
Fire Support Elements
Combat Half-tracks
Selects Guastatori Squad
le.IG 18 Mechanized Group
Guastatori Squad
Pak 38 Anti-tank Gun Team
Construct Panzerarmee Kommand
Walking Stuka Rocket Launcher
Selects Prepared Positions
Selects Registered Artillery
2.5-tonne Medical Truck
Registered Artillery
Flakvierling Half-track
Selects Towed Cannone da 105/28 Field Howitzer
Towed Cannone da 105/28 Field Howitzer
Panzerpioneer Squad
Registered Artillery
Panzer III L Medium Tank
2.5-tonne Medical Truck
Armored Reserves
Registered Artillery
Stepan Pantera
Yosugami
strawintegral04
Particycles
Saevo
.
0
0
Comments
sign in to comment!
No comments posted yet!